 Dungeon Crawl Stone Soup version 0.20-a0-927-g1ae2c61 (webtiles) character file.

702 M4edhros the Covert (level 7, 0/61 HPs)
             Began as a Naga Assassin on Mar 29, 2017.
             Was a Priest of Cheibriados.
             Killed by divine providence
             ... invoked by an orc priest
              (16 damage)
             ... on level 4 of the Dungeon.
             The game lasted 00:12:03 (4254 turns).

M4edhros the Covert (Naga Assassin)                 Turns: 4254, Time: 00:12:04

Health: 0/61       AC:  7    Str: 21    XL:     7   Next: 66%
Magic:  7/7        EV: 10    Int: 18    God:    Cheibriados [***...]
Gold:   227        SH:  4    Dex: 21    Spells: 6/6 levels left

rFire    . . .     SeeInvis +   r - +5 trident
rCold    . . .     Gourm    .   z - +0 buckler
rNeg     + . .     Faith    .   w - +2 animal skin
rPois    +         Spirit   .   x - +0 helmet
rElec    .         Reflect  .   d - +0 cloak
rCorr    .         Harm     .   (no gloves)
MR       .....                  (no barding)
Stlth    +++++.....             (no amulet)
Regen    0.2/turn               q - ring of positive energy
MPRegen  0.1/turn               (no ring)

@: short of breath, very slow
A: see invisible, deformed body, poison resistance, slowness 2, slow metabolism
1, spit poison 1, AC +2
a: Spit Poison, Bend Time, Temporal Distortion, Renounce Religion


You were on level 4 of the Dungeon.
You worshipped Cheibriados.
Cheibriados was most pleased with you.
You were not hungry.

You visited 1 branch of the dungeon, and saw 4 of its levels.

You collected 227 gold pieces.

Inventory:

Hand Weapons
 a - a +2 dagger
 b - a +0 blowgun
 l - a +0 dagger of venom
 m - a +0 hunting sling
 r - a +5 trident (weapon)
 t - a +2 dagger of protection
Missiles
 e - 23 poisoned needles
 f - 2 curare-tipped needles
 s - 121 stones (quivered)
 A - 35 sling bullets
Armour
 d - a +0 cloak (worn)
 w - a +2 animal skin (worn)
 x - a +0 helmet (worn)
 z - a +0 buckler (worn)
Jewellery
 q - a ring of positive energy (left hand)
Wands
 y - a wand of polymorph (4/24)
Scrolls
 c - a scroll of identify
 h - 2 scrolls of recharging {unknown}
 j - 2 scrolls of enchant weapon {unknown}
 k - a scroll of magic mapping
 u - a scroll of fear {unknown}
 v - 3 scrolls of noise {unknown}
 C - a scroll of amnesia {unknown}
 D - a scroll of enchant armour {unknown}
Potions
 n - a potion of might {unknown}
 o - a potion of curing
Books
 p - a book of Minor Magic

   Spells                             Type                      Level
   a - Magic Dart                     Conjuration                  1
   b - Blink                          Translocation                2
   c - Call Imp                       Summoning                    2
   d - Slow                           Hexes                        2
   e - Conjure Flame                  Conjuration/Fire             3
   f - Mephitic Cloud                 Conjuration/Poison/Air       3
Comestibles
 g - a bread ration
 i - 3 meat rations
 B - a chunk of flesh


   Skills:
 + Level 2.8 Fighting
 - Level 2.0 Short Blades
 + Level 1.8 Polearms
 - Level 1.7 Throwing
 + Level 1.8 Dodging
 + Level 12.3 Stealth


You had 6 spell levels left.
You didn't know any spells.

Dungeon Overview and Level Annotations

Branches:
Dungeon (4/15)
 Temple: D:4-7

Altars:
Cheibriados
Okawaru
Ru
Xom

Shops:
D:4 ?:


Innate Abilities, Weirdness & Mutations

You cannot wear boots.
Your serpentine skin is tough. (AC +2)
You have supernaturally acute eyesight. (SInv)
Armour fits poorly on your strangely shaped body.
Your system is resistant to poisons. (rPois)
You cover ground very slowly.
You have a slow metabolism.
You can spit poison.


Message History

The orc wizard points at you and mumbles some strange words.
The puff of flame hits you!
The orc priest calls down the wrath of Beogh upon you.
Beogh smites you!
* * * LOW HITPOINT WARNING * * *
The orc wizard misses you.
You feel better. The orc misses you.
The orc wizard looks braver for a moment.
The orc barely misses you.
The orc priest mumbles some strange prayers to Beogh against you.
Beogh smites you!
* * * LOW HITPOINT WARNING * * *
The orc wizard casts a cantrip, but nothing happens.
You feel better. The orc wizard closely misses you.
The orc hits you but does no damage.
The orc wizard hits you but does no damage.
The orc completely misses you.
The orc priest mumbles some strange prayers to Beogh against you.
Beogh smites you!
You die...

#.# #......##... #.#
#......##### #.#
####......#### #.#
#............# #.#
#............# #.#
#............#
##.#######............#
#.....oo..............#
#.....o@..$(..........#
......oo.......#####..#
...............# ##.##
.....########### #..#
..... #########.# ....
........... ##.
........... #.
........... ...........


You could see an orc priest, 2 orc wizards and 2 orcs.

Vanquished Creatures
  Grinder (D:4)
  Sigmund (D:2)
  2 phantoms (D:4)
  An orc wizard (D:3)
  Robin (D:3)
  4 adders
  An ooze (D:2)
  3 worms (D:2)
  3 dart slugs
  A leopard gecko (D:3)
  5 orcs
  2 ball pythons
  7 giant cockroaches
  14 goblins
  18 hobgoblins
  3 jackals (D:3)
  2 quokkas
  9 bats
  8 frilled lizards
  9 kobolds
  A leopard gecko skeleton (D:4)
  A quokka skeleton (D:4)
  12 rats
109 creatures vanquished.

Notes
Turn   | Place    | Note
-------+----------+-------------------------------------------
     0 | D:1      | M4edhros the Naga Assassin began the quest for the Orb.
     0 | D:1      | Reached XP level 1. HP: 19/19 MP: 1/1
    71 | D:1      | Reached skill level 6 in Stealth
   175 | D:1      | Reached XP level 2. HP: 19/26 MP: 2/2
   301 | D:1      | Reached skill level 7 in Stealth
   722 | D:4      | Reached XP level 3. HP: 25/32 MP: 3/3
   794 | D:4      | Found Alluywuj's Magic Scroll Emporium.
   900 | D:4      | Found a sacrificial altar of Ru.
  1168 | D:4      | Found Caxum's Book Emporium.
  1364 | D:4      | Found an iron altar of Okawaru.
  1367 | D:4      | Found a shimmering altar of Xom.
  1370 | D:4      | Found a snail-covered altar of Cheibriados.
  1444 | D:4      | Noticed a phantom
  1483 | D:4      | Became a worshipper of Cheibriados the Contemplative
  1550 | D:4      | Killed a phantom
  1550 | D:4      | Reached skill level 9 in Stealth
  1550 | D:4      | Reached XP level 4. HP: 12/39 MP: 4/4
  1550 | D:4      | Reached XP level 5. HP: 14/45 MP: 5/5
  1827 | D:4      | Noticed Grinder
  2615 | D:2      | Reached * piety under Cheibriados
  2627 | D:2      | Found an iron altar of Okawaru.
  2733 | D:2      | Noticed Sigmund
  2738 | D:2      | Killed Sigmund
  2738 | D:2      | Reached skill level 11 in Stealth
  2738 | D:2      | Reached XP level 6. HP: 49/52 MP: 6/6
  3093 | D:3      | Reached ** piety under Cheibriados
  3100 | D:3      | Noticed Robin
  3283 | D:3      | Killed Robin
  3583 | D:3      | Reached *** piety under Cheibriados
  4176 | D:4      | Killed Grinder
  4176 | D:4      | Reached skill level 1 in Polearms
  4176 | D:4      | Reached skill level 1 in Dodging
  4176 | D:4      | Reached skill level 12 in Stealth
  4176 | D:4      | Reached XP level 7. HP: 61/61 MP: 7/7
  4254 | D:4      | Killed from afar by an orc priest

Vault maps used:
D:1:      elethiomel_arrival_quiet, minmay_ruptured
D:2:      okawaru_metal_pillars_1_2, uniq_sigmund
D:3:      uniq_robin
D:4:      grunt_temple_overflow_cloverleaf, serial_shops, shop, shop,
          nicolae_shop_behind_doors, uniq_grinder

Skill      XL: |  1  2  3  4  5  6 |
---------------+-------------------+-----
Stealth        | 6 7 9 11 12 | 12.3
Polearms       | 1 |  1.8
Dodging        | 1 |  1.8
Fighting       | |  2.8
Short Blades   | |  2.0
Throwing       | |  1.7

Action                   |  1- 3 |  4- 6 |  7- 9 || total
-------------------------+-------+-------+-------++-------
Melee: Dagger            |    84 |       |       ||    84
       Trident           |    33 |   170 |    19 ||   222
 Abil: Spit Poison       |     2 |     1 |     2 ||     5
Evoke: Wand              |       |       |     3 ||     3
  Use: Scroll            |     4 |     1 |       ||     5
       Potion            |     2 |       |     2 ||     4
 Stab: Sleeping          |     8 |    25 |       ||    33
       Distracted        |       |     4 |       ||     4
  Eat: Chunk             |       |     3 |     1 ||     4
       Bread ration      |       |     1 |       ||     1
Armor: Robe              |    25 |    37 |       ||    62
       Animal skin       |       |     5 |    13 ||    18
Dodge: Dodged            |    52 |    84 |    20 ||   156
Block: Buckler           |       |     2 |     3 ||     5
